 Dungeon Crawl Stone Soup version 0.28.0 (webtiles) character file.

Game seed: 3843860677125528622

188 Hasart the Insei (level 5, -1/34 HPs)
             Began as an Octopode Transmuter on Feb 15, 2022.
             Frozen to death by an endoplasm (4 damage)
             ... on level 3 of the Dungeon.
             The game lasted 00:03:41 (2857 turns).

Hasart the Insei (Octopode Transmuter)              Turns: 2857, Time: 00:03:42

Health: -1/34      AC:  1    Str: 10    XL:     5   Next: 67%
Magic:  8/9        EV: 13    Int: 17    God:
Gold:   59         SH:  0    Dex: 12    Spells: 3/9 levels left

rFire   . . .      SeeInvis .     - Unarmed
rCold   . . .      Faith    .   (no shield)
rNeg    . . .      Spirit   .   (helmet restricted)
rPois   .          Reflect  .   (no amulet)
rElec   .          Harm     .   (no ring)
rCorr   .          Rampage  .   (no ring)
Will    .....                   (no ring)
Stlth   ++........              (no ring)
HPRegen 0.11/turn               (no ring)
MPRegen 0.11/turn               (no ring)
                                (no ring)
                                (no ring)

@: slowed, very slow
A: almost no armour, amphibious, 8 rings, camouflage 1, gelatinous body 1,
(nimble swimmer 1), tentacles
a: no special abilities


You were on level 3 of the Dungeon.
You visited 1 branch of the dungeon, and saw 3 of its levels.

You collected 59 gold pieces.

Inventory:

Scrolls
 b - 2 scrolls of identify {unknown}
 f - a scroll of noise {unknown}
 g - a scroll of enchant weapon {unknown}
 j - a scroll of fog {unknown}
 k - a scroll of blinking {unknown}
Potions
 a - a potion of cancellation {unknown}
 c - a potion of brilliance {unknown}
 d - a potion of mutation {unknown}
 e - a potion of curing {unknown}
 h - a potion of haste {unknown}
 i - a potion of attraction {unknown}


   Skills:
 + Level 2.1 Fighting
 + Level 2.9 Dodging
 * Level 4.0 Unarmed Combat
 + Level 2.7 Spellcasting
 + Level 2.8 Transmutations
 + Level 1.6 Poison Magic


You had 3 spell levels left.
You knew the following spells:

 Your Spells              Type           Power      Damage    Failure   Level
a - Beastly Appendage     Tmut           24%        N/A       5%          1
b - Wereblood             Tmut           12%        N/A       9%          2
c - Spider Form           Tmut/Pois      10%        N/A       22%         3

Your spell library contained the following spells:

 Spells                   Type           Power      Damage    Failure   Level
 Call Canine Familiar     Summ           2%         N/A       47%         3
 Inner Flame              Hex/Fire       2%         N/A       47%         3
 Portal Projectile        Hex/Tloc       4%         N/A       47%         3
 Ice Form                 Ice/Tmut       7%         N/A       69%         4
 Cause Fear               Hex            1%         N/A       87%         4
 Leda's Liquefaction      Hex/Erth       1%         N/A       87%         4
 Discord                  Hex            1%         N/A       100%        8


Dungeon Overview and Level Annotations

Branches:
Dungeon (3/15)

Altars:
Zin


Innate Abilities, Weirdness & Mutations

You cannot wear most types of armour.
You are amphibious.
You can wear up to eight rings at the same time.
Your skin changes colour to match your surroundings (Stealth+).
Your rubbery body absorbs attacks. (AC +1, EV +1)
((You are camouflaged when in or above water. (Stealth+)))
You have tentacles for arms and can constrict up to eight enemies at once.


Message History

The crimson imp barely misses you.
You hit Natasha.
Natasha is poisoned.
Natasha is heavily wounded.
Natasha stares at you and mumbles some strange words.
You feel yourself slow down. The kobold barely misses you.
You hit Natasha but do no damage.
Natasha looks as sick as possible!
Natasha is heavily wounded.
The crimson imp misses you. Natasha completely misses you.
The kobold barely misses you.
The crimson imp blinks!
Unknown command.
You hit Natasha.
You kill Natasha!
Natasha growls in agony!
The crimson imp disappears in a puff of smoke!
Your transformation is almost over.
The kobold closely misses you. The endoplasm barely misses you.
Unknown command.
You hit the kobold but do no damage.
The kobold is poisoned.
The kobold hits you with a +0 whip. The endoplasm freezes you.
You are frozen.
The kobold hits you with a +0 whip.
You hit the endoplasm but do no damage. The endoplasm hits you.
The kobold completely misses you. The endoplasm freezes you.
You are frozen.
* * * LOW HITPOINT WARNING * * *
Unknown command.
You kill the kobold!
The endoplasm misses you.
You hit the endoplasm.
The endoplasm is severely wounded.
The endoplasm freezes you.
You are frozen.
* * * LOW HITPOINT WARNING * * *
You hit the endoplasm but do no damage.
The endoplasm is severely wounded.
Your transformation has ended.
The endoplasm freezes you.
You are frozen.
You die...

.....# #.............
>...#####...........#
#####.............##..... #
#........##.......#......
..#....†)..............#...
#.[[.......####....)#.##.##
##..........###.....#.##.#
.[........J..............#
..........@.#######..>####
.#....?........# ##..##
...........###.# #....##
###........)...####†##..##
##...######.....#.###..##
###. #.............# ##
#.........).....
#...[............
#................


You could see an endoplasm.

Vanquished Creatures
  Terence (D:3)
  Natasha (twice) (D:3)
  5 adders (D:2)
  2 worms
  A dart slug (D:2)
  3 ball pythons
  4 endoplasms
  A giant cockroach (D:1)
  9 hobgoblins
  4 jackals (D:1)
  A quokka (D:1)
  5 bats
  3 frilled lizards
  6 goblins
  9 kobolds
  5 rats
61 creatures vanquished.

Notes
Turn   | Place    | Note
-------+----------+-------------------------------------------
     0 | D:1      | Hasart the Octopode Transmuter began the quest for the Orb.
     0 | D:1      | Reached XP level 1. HP: 13/13 MP: 3/3
   434 | D:1      | Reached XP level 2. HP: 10/18 MP: 5/5
   499 | D:1      | Learned a level 2 spell: Wereblood
   849 | D:1      | Reached XP level 3. HP: 23/23 MP: 6/6
   853 | D:1      | Learned a level 3 spell: Spider Form
  1237 | D:1      | Found a faded altar of an unknown god.
  1566 | D:2      | Reached XP level 4. HP: 22/29 MP: 5/7
  1950 | D:2      | Reached skill level 1 in Poison Magic
  2068 | D:2      | Found a glowing silver altar of Zin.
  2472 | D:3      | Noticed Natasha
  2484 | D:3      | Killed Natasha
  2485 | D:3      | Reached XP level 5. HP: 21/34 MP: 5/8
  2660 | D:3      | Noticed Terence
  2675 | D:3      | Killed Terence
  2676 | D:3      | Reached skill level 4 in Unarmed Combat
  2841 | D:3      | Noticed Natasha
  2850 | D:3      | Killed Natasha
  2857 | D:3      | Frozen to death by an endoplasm

Illustrated notes

Levels and vault maps discovered:
D:1:      lemuel_arrival_cross, layout_loops_ring,
          shapermc_ecumenical_altar_venn, kennysheep_minor_cross,
          minmay_distorted
D:2:      layout_rooms, basic_altar, st_stairs_11
D:3:      layout_rooms, uniq_natasha, uniq_terence, uniq_grinder

Skill      XL: |  1  2  3  4  5 |
---------------+----------------+-----
Poison Magic   | 1 |  1.6
Fighting       | 2 |  2.1
Unarmed Combat | 4 |  4.0
Dodging        | |  2.9
Spellcasting   | |  2.7
Transmutations | |  2.8

Action                   |  1- 3 |  4- 6 || total
-------------------------+-------+-------++-------
Melee: Unarmed           |    72 |    73 ||   145
       Tentacles         |    17 |    12 ||    29
       Constrict         |    17 |    13 ||    30
       Kick              |     4 |     6 ||    10
       Punch             |     1 |     2 ||     3
 Cast: Beastly Appendage |     4 |     4 ||     8
       Wereblood         |     1 |       ||     1
       Spider Form       |       |     4 ||     4
 Stab: Sleeping          |     6 |     4 ||    10
Armor: Skin              |     7 |     4 ||    11
Dodge: Dodged            |    35 |    53 ||    88
